 Dungeon Crawl Stone Soup version 0.25-a0-697-g890751e744 (webtiles) character file.

Game seed: 10614163956478292533, levelgen mode: deterministic

86 ReteAZ the Insei (level 4, -4/36 HPs)
             Began as a Draconian Transmuter on Apr 1, 2020.
             Slain by a gnoll
             ... wielding a +0 flail
              (11 damage)
             ... on level 2 of the Dungeon.
             The game lasted 00:04:29 (1331 turns).

ReteAZ the Insei (Draconian Transmuter)             Turns: 1331, Time: 00:04:29

Health: -4/36      AC:  5    Str: 12    XL:     4   Next: 27%
Magic:  7/7        EV: 13    Int: 13    God:
Gold:   117        SH:  0    Dex: 13    Spells: 6/7 levels left

rFire    . . .     SeeInvis .     - Unarmed
rCold    . . .     Gourm    .   (no shield)
rNeg     . . .     Faith    .   (armour unavailable)
rPois    .         Spirit   .   (helmet restricted)
rElec    .         Reflect  .   (no cloak)
rCorr    .         Harm     .   (no gloves)
MR       .....                  (boots currently unavailable)
Stlth    +.........             (no amulet)
HPRegen  0.12/turn              (no ring)
MPRegen  0.10/turn              (no ring)

@: appendage (expiring)
A: unfitting armour, talons 3, cold-blooded, AC +5
a: End Transformation


You were on level 2 of the Dungeon.
You were not hungry.
You had grown temporary talons.
You visited 1 branch of the dungeon, and saw 2 of its levels.

You collected 117 gold pieces.

Inventory:

Missiles
 a - 39 arrows
 n - 20 poisoned darts (quivered)
Jewellery
 i - an uncursed amulet of harm {unknown}
Scrolls
 b - 2 scrolls of remove curse {unknown}
 f - 4 scrolls of identify {unknown}
 g - a scroll of fog {unknown}
 h - a scroll of enchant weapon {unknown}
 j - a scroll of enchant armour {unknown}
 k - 3 scrolls of magic mapping {unknown}
 m - a scroll of teleportation {unknown}
Potions
 e - 2 potions of heal wounds {unknown}
 l - a potion of curing {unknown}
Comestibles
 c - 6 rations
 d - 2 chunks of flesh


   Skills:
 + Level 2.2 Fighting
 + Level 2.4 Dodging
 * Level 4.1 Unarmed Combat
 - Level 2.0 Spellcasting
 + Level 2.4 Transmutations


You had 6 spell levels left.
You knew the following spells:

 Your Spells              Type           Power        Failure   Level  Hunger
a - Beastly Appendage     Tmut           #.....       10%         1    ##.....

Your spell library contained the following spells:

 Spells                   Type           Power        Failure   Level  Hunger
 Sticks to Snakes         Tmut           #.......     14%         2    ###....
 Spider Form              Tmut/Pois      #.........   43%         3    ####...
 Ice Form                 Ice/Tmut       #.......     83%         4    #####..
 Blade Hands              Tmut           #.........   95%         5    ######.


Dungeon Overview and Level Annotations

Branches:
Dungeon (2/15)

Altars:
Dithmenos


Innate Abilities, Weirdness & Mutations

Your plain brown scales are hard. (AC +5)
You cannot fit into any form of body armour.
You are cold-blooded and may be slowed by cold attacks.
You have claws for feet.


Message History

The gnoll hits you with a +0 flail.
Things that are here:
a +4 spear; a gnoll corpse You barely miss the gnoll.
Your kick misses the gnoll.
The gnoll is lightly wounded.
The gnoll closely misses you.
You completely miss the gnoll. Your kick misses the gnoll.
The gnoll is lightly wounded.
Your transformation is almost over.
The gnoll closely misses you.
You hit the gnoll.
The gnoll is moderately wounded.
The gnoll hits you with a +0 flail!
* * * LOW HITPOINT WARNING * * *
You hit the gnoll.
The gnoll is severely wounded.
You barely miss the gnoll.
The gnoll is severely wounded.
The gnoll hits you with a +0 flail!
You die...

#. #P.P♣§...P.P♣.P# #.
♣.♣§§..♣♣.♣#.P.♣
..####..P§♣.♣♣÷♣#+#P♣♣
....##♣♣♣§♣♣..♣# .##♣
.)...........♣.# ((
.....#P..♣♣♣♣P.# .#
>....#.♣♣.......#'#
..).).#...♣♣♣.♣♣g#♣♣♣
....#.##....♣.♣.@...♣
..(.#..#...♣.P.♣..P♣....
..(###.♣P♣♣♣.♣...♣♣♣ #
..(# #♣.P.P♣P.♣♣..♣
...###P.♣.♣PPP..♣.♣♣≈§
..(##>.♣.P..P♣......§♣
...##..♣.P.♣..P♣P..♣§♣
........♣♣♣♣♣..♣♣♣♣♣ P.
........♣......P♣.P♣ .>


You could see a gnoll.

Vanquished Creatures
  2 adders (D:2)
  A gnoll (D:2)
  2 worms (D:2)
  3 dart slugs
  A ball python (D:2)
  3 giant cockroaches
  7 goblins
  7 hobgoblins
  3 kobolds (D:2)
  5 quokkas (D:2)
  3 bats
  4 frilled lizards
  4 rats
  A plant (D:2)
46 creatures vanquished.

Notes
Turn   | Place    | Note
-------+----------+-------------------------------------------
     0 | D:1      | ReteAZ the Draconian Transmuter began the quest for the
                  | Orb.
     0 | D:1      | Reached XP level 1. HP: 16/16 MP: 3/3
   169 | D:1      | Reached XP level 2. HP: 14/23 MP: 3/5
   845 | D:2      | Found a shadowy altar of Dithmenos,
   854 | D:2      | Reached XP level 3. HP: 28/29 MP: 4/6
  1216 | D:2      | Reached skill level 4 in Unarmed Combat
  1244 | D:2      | Reached XP level 4. HP: 35/36 MP: 5/7
  1331 | D:2      | Slain by a gnoll

Levels and vault maps discovered:
D:1:      grunt_arrival_lava_bath, layout_loops_ring
D:2:      wad_woods_tower, layout_loops_cross, lemuel_crystal_altar

Skill      XL: |  1  2  3 |
---------------+----------+-----
Dodging        | 2 |  2.4
Fighting       | 2 |  2.2
Unarmed Combat | 4 |  4.1
Spellcasting   | |  2.0
Transmutations | |  2.4

Action                   |  1- 3 |  4- 6 || total
-------------------------+-------+-------++-------
Melee: Unarmed           |   159 |    15 ||   174
       Tailslap          |    20 |     2 ||    22
       Headbutt          |    12 |       ||    12
       Kick              |    13 |     3 ||    16
       Punch             |       |     1 ||     1
Throw: Dart              |     1 |     3 ||     4
 Cast: Beastly Appendage |    23 |     2 ||    25
 Stab: Sleeping          |     1 |       ||     1
  Eat: Chunk             |     2 |       ||     2
Armor: Skin              |    26 |     1 ||    27
Dodge: Dodged            |    70 |     6 ||    76

Table legend:
 A = Non-vault XP
 B = Vault XP
 C = Vault XP percentage of total XP
 D = Non-vault monster count
 E = Vault monster count
 F = Vault count percentage of total count
                 A         B        C        D         E       F
            +---------+---------+-------+---------+---------+-------
      Total |     102 |      22 |  17.7 |      40 |       5 |  11.1
            +---------+---------+-------+---------+---------+-------
        D:1 |      36 |       0 |   0.0 |      20 |       0 |   0.0
        D:2 |      66 |      22 |  25.0 |      20 |       5 |  20.0
            +---------+---------+-------+---------+---------+-------
